 Dungeon Crawl Stone Soup version 0.31-a0-851-g7ff8af7976 (webtiles) character file.

Game seed: 5321535120610720257

32 ragingrage the Slasher (level 3, -6/27 HPs)
             Began as a Merfolk Warper on Oct 5, 2023.
             Engulfed by a cloud of flame (14 damage)
             ... on level 3 of the Dungeon.
             The game lasted 00:01:45 (809 turns).

ragingrage the Slasher (Merfolk Warper)              Turns: 809, Time: 00:01:46

Health: -6/27      AC:  8    Str:  8 (11) XL:     3   Next: 25%
Magic:  6/6        EV: 10    Int:  9 (12) God:
Gold:   69         SH:  0    Dex: 12 (15) Spells: 6/6 levels left

rFire   . . .        a - +0 falchion
rCold   . . .        (no shield)
rNeg    . . .        e - +0 ring mail
rPois   .            (no helmet)
rElec   .            i - +1 cloak
rCorr   .            h - +0 pair of gloves
SInv    .            (no boots)
Will    .....        (no amulet) Stlth
                     (no ring)
HPRegen 0.24/turn    (no ring)
MPRegen 0.10/turn

%: no passive effects
@: confused, ambrosia-drunk, attractive
A: (nimble swimmer 2), mertail
a: no special abilities


You were on level 3 of the Dungeon.
You visited 1 branch of the dungeon, and saw 3 of its levels.

You collected 69 gold pieces.

Inventory:

Hand Weapons
 a - a +0 falchion (weapon)
Missiles
 d - 7 darts of dispersal (quivered)
Armour
 e - a +0 ring mail (worn)
 h - a +0 pair of gloves (worn)
 i - a +1 cloak (worn)
Scrolls
 f - a scroll of silence


   Skills:
 - Level 2.1 Fighting
 + Level 3.8 Long Blades
 - Level 1.0 Throwing
 - Level 0.6 Armour
 - Level 2.6 Dodging
 + Level 1.8 Stealth
 - Level 2.0 Spellcasting
 - Level 2.4 Translocations


You had 6 spell levels left.
You didn't know any spells.
Your spell library contained the following spells:

 Spells                   Type           Power      Damage    Failure   Level
 Blink                    Tloc           10%        N/A       52%         2
 Lesser Beckoning         Tloc           10%        N/A       52%         2
 Teleport Other           Tloc           5%         N/A       75%         3
 Manifold Assault         Tloc           5%         N/A       98%         4
 Vhi's Electric Charge    Tloc/Air       6%         N/A       99%         4


Dungeon Overview and Level Annotations

Branches:
Dungeon (3/15)

Altars:
Fedhas

Annotations:
D:2 Robin


Innate Abilities, Weirdness & Mutations

((You are very nimble when in or above water. (Stealth+, EV+, Speed+++)))
Your lower body shifts to a powerful aquatic tail in water.


Message History

The bat hits you but does no damage. The goblin barely misses you.
The jackal bites you but does no damage.
Unknown command.
It was a potion of attraction.
You feel attractive to monsters. The jackal closely misses you.
The jackal barely misses you. The goblin hits you with a +0 dagger.
The bat barely misses you. The jackal bites you.
It was a potion of ambrosia.
You are confused.
You feel invigorated.
The jackal's inner flame fades away.
The bat's inner flame fades away.
The bat closely misses you. The jackal misses you.
The goblin hits you with a +0 dagger. The jackal barely misses you.
The jackal bites you but does no damage.
The bat is attracted toward you. The bat attacks as it pursues you!
The bat hits you but does no damage. x2
The jackal attacks as it pursues you!
The jackal bites you but does no damage.
The jackal closely misses you. The bat is attracted toward you.
You bump into the rock wall.
The goblin's inner flame fades away.
The jackal bites you. The jackal closely misses you.
The bat closely misses you.
The jackal bites you but does no damage. x2
You hit the jackal.
The jackal explodes!
The fiery explosion engulfs the goblin!!!
You kill the goblin!
The fiery explosion engulfs you!!
Ouch! That really hurt!
* * * LOW HITPOINT WARNING * * *
The fiery explosion engulfs the bat!!
You kill the bat!
The fiery explosion engulfs the jackal!!
You kill the jackal!
The fiery explosion engulfs the jackal!!
The jackal explodes!
You are engulfed in blazing flames.
Ouch! That really hurt!
You die...

#.....<.≈.8.≈..#
#.......≈...§..#
#####.#.≈≈§§≈..#
#.#.≈§.≈≈..#
#...§§§§§.##
##.o≈≈§≈≈.#
#§§§§≈≈.#
#§§§§≈..#
#@§§§§..#
#########


You could see an orc (inner flame).

Vanquished Creatures
  A dart slug (D:1)
  3 endoplasms (D:1)
  A giant cockroach (D:1)
  4 goblins
  3 hobgoblins (D:1)
  4 jackals (D:3)
  A kobold (D:1)
  3 quokkas (D:1)
  2 ball pythons (D:1)
  3 bats
  A frilled lizard (D:1)
  5 rats
31 creatures vanquished.

Notes
Turn   | Place    | Note
-------+----------+-------------------------------------------
     0 | D:1      | ragingrage the Merfolk Warper began the quest for the Orb.
     0 | D:1      | Reached XP level 1. HP: 16/16 MP: 3/3
   104 | D:1      | Reached skill level 3 in Long Blades
   141 | D:1      | Reached XP level 2. HP: 22/22 MP: 5/5
   259 | D:1      | Found a faded altar of an unknown god.
   265 | D:1      | Reached skill level 1 in Stealth
   545 | D:1      | Reached XP level 3. HP: 25/27 MP: 6/6
   750 | D:2      | Noticed Robin
   761 | D:3      | Found a blossoming altar of Fedhas.
   809 | D:3      | Engulfed by a cloud of flame

Illustrated notes

Levels and vault maps discovered:
D:1:      beargit_arrival_greenhouse, layout_basic,
          dreamdust_ecumenical_altar_angels_and_demons, dk_noncrumbling_3,
          minmay_misc_feat_pillars, minmay_tetromino_s4
D:2:      layout_basic, uniq_terence, uniq_robin
D:3:      cheibrodos_thug_alley, layout_basic, general_overflow_altar,
          okawaru_gym_becter, mainiacjoe_overflow_catwalk

Skill      XL: |  1  2 |
---------------+-------+-----
Long Blades    | 3 |  3.8
Stealth        | 1 |  1.8
Fighting       | |  2.1
Throwing       | |  1.0
Armour         | |  0.6
Dodging        | |  2.6
Spellcasting   | |  2.0
Translocations | |  2.4

Action                     || total
---------------------------++-------
  Melee: Falchion          ||    91
    Use: Scroll            ||     3
         Potion            ||     3
   Stab: Distracted        ||     1
 Armour: Ring mail         ||   104
         Leather armour    ||     3
  Dodge: Dodged            ||   115

Table legend: (Time is in decaauts)
 A = Elapsed time spent in this place.
 B = Non-inter-level travel time spent in this place.
 C = Inter-level travel time spent in this place.
 D = Time resting spent in this place.
 E = Time spent auto-exploring this place.
 F = Levels seen in this place.
 G = Mean time per level.
                   A        B        C        D        E       F      G
               +--------+--------+--------+--------+--------+-----+--------+
         Total |    821 |    810 |     11 |      9 |    512 |   3 |  273.7 |
       Dungeon |    821 |    810 |     11 |      9 |    512 |   3 |  273.7 |
               +--------+--------+--------+--------+--------+-----+--------+

Top non-repeatable levels by time:
     D:1: 713 daAuts
     D:2: 58 daAuts
     D:3: 49 daAuts
